 Dungeon Crawl Stone Soup version 0.25.1-2-g60ff931df9 (webtiles) character file.

Game seed: 13883439379549707226

367 JarielCorvus the Thaumaturge (level 6, -1/32 HPs)
             Began as a Deep Elf Wizard on Aug 27, 2020.
             Slain by Descartes's ghost (9 damage)
             ... on level 3 of the Dungeon.
             The game lasted 00:13:56 (4392 turns).

JarielCorvus the Thaumaturge (Deep Elf Wizard)      Turns: 4392, Time: 00:13:57

Health: -1/32      AC:  2    Str:  6    XL:     6   Next: 41%
Magic:  19/19      EV: 13    Int: 23    God:
Gold:   204        SH:  5    Dex: 13    Spells: 8/21 levels left

rFire    . . .     SeeInvis .   p - +2 spear (vamp)
rCold    . . .     Gourm    .   (no shield)
rNeg     . . .     Faith    .   a - +0 robe
rPois    .         Spirit   .   b - +0 hat
rElec    .         Reflect  +   (no cloak)
rCorr    .         Harm     .   (no gloves)
MR       .....                  (no boots)
Stlth    ++........             c - amulet of reflection
HPRegen  0.10/turn              (no ring)
MPRegen  0.16/turn              (no ring)

@: no status effects
A: no striking features
a: no special abilities


You were on level 3 of the Dungeon.
You were not hungry.

You visited 1 branch of the dungeon, and saw 3 of its levels.

You collected 204 gold pieces.

Inventory:

Hand Weapons
 p - a +2 vampiric spear (weapon)
 u - a +0 hunting sling of freezing
Armour
 a - a +0 robe (worn)
 b - a +0 hat (worn)
 s - a +0 cloak
Jewellery
 c - an amulet of reflection (around neck)
Scrolls
 j - 3 scrolls of teleportation {unknown}
 k - 2 scrolls of immolation {unknown}
 l - 2 scrolls of remove curse {unknown}
 m - a scroll of enchant armour {unknown}
 n - a scroll of fog {unknown}
 o - a scroll of enchant weapon {unknown}
 r - a scroll of amnesia {unknown}
Potions
 e - 2 potions of flight {unknown}
 f - 2 potions of mutation {unknown}
 g - 2 potions of lignification
 h - a potion of cancellation {unknown}
 i - a potion of brilliance {unknown}
 q - a potion of magic {unknown}
 t - a potion of ambrosia {unknown}
 v - a potion of might {unknown}
Comestibles
 d - 7 rations


   Skills:
 - Level 2.5 Dodging
 - Level 2.4 Stealth
 * Level 8.4 Spellcasting
 + Level 4.0 Conjurations
 - Level 1.1 Summonings
 - Level 1.1 Translocations


You had 8 spell levels left.
You knew the following spells:

 Your Spells              Type           Power        Failure   Level  Hunger
a - Magic Dart            Conj           ####         1%          1    None
b - Call Imp              Summ           ##......     6%          2    None
c - Slow                  Hex            #.......     10%         2    None
d - Mephitic Cloud        Conj/Pois/Air  ###.....     12%         3    None
e - Conjure Flame         Conj/Fire      ###.....     9%          3    None
f - Blink                 Tloc           N/A          6%          2    None

Your spell library contained the following spells:

 Spells                   Type           Power        Failure   Level  Hunger


Dungeon Overview and Level Annotations

Branches:
Dungeon (3/15)

Altars:
Ashenzari
Elyvilon
Fedhas
Qazlal
Zin

Annotations:
D:3 Descartes's ghost, amateur FeEn


Message History

You hit Descartes's ghost but do no damage.
Descartes's ghost is heavily damaged.
Descartes's ghost hits you.
You hit Descartes's ghost.
Descartes's ghost is severely damaged.
Descartes's ghost screams, "You must not fail where I succeeded!"
You block Descartes's ghost's attack.
You closely miss Descartes's ghost.
Descartes's ghost is severely damaged.
You block Descartes's ghost's attack.
You miss Descartes's ghost.
Descartes's ghost is severely damaged.
Descartes's ghost hits you!
* * * LOW HITPOINT WARNING * * *
You hit Descartes's ghost.
Descartes's ghost is almost destroyed.
Descartes's ghost hits you.
* * * LOW HITPOINT WARNING * * *
Descartes's ghost hits you!
You die...

#####.#### #...###.##........##.
.........# ####...#####..<#####.
.####.##.# ##### #.### #.
.###...####### #.# #.
.##....÷##...# #.# #.
.#...÷...#.#.# #.# #.
....._.....#.# #.# #.
##.......###.###########.#######.
##.....##....(.@..>.....##......
##...##..#...#W#..#######.#####
##.##..##..##.##..## #.#####
#........##...##..# #.##...
######..##.....##.# ##.##.##
#..#⌠.!♣%.⌠#.# #.......
#..##.....##.# #.###.#.
#...##...##..####.###.#)
#....##⌠##........##..#.


You could see Descartes's ghost.

Vanquished Creatures
  An ogre (D:3)
  2 orc wizards (D:3)
  Natasha (thrice) (D:2)
  5 adders
  An ooze (D:1)
  3 worms
  2 dart slugs (D:2)
  4 leopard geckos
  5 orcs (D:3)
  5 giant cockroaches
  10 goblins
  5 hobgoblins
  8 jackals (D:3)
  2 quokkas
  A ball python (D:1)
  10 bats
  5 frilled lizards
  10 kobolds
  8 rats
90 creatures vanquished.

Notes
Turn   | Place    | Note
-------+----------+-------------------------------------------
     0 | D:1      | JarielCorvus the Deep Elf Wizard began the quest for the
                  | Orb.
     0 | D:1      | Reached XP level 1. HP: 10/10 MP: 7/7
   176 | D:1      | Reached skill level 5 in Spellcasting
   176 | D:1      | Reached XP level 2. HP: 15/15 MP: 7/10
   421 | D:1      | Learned a level 2 spell: Call Imp
   424 | D:1      | Learned a level 2 spell: Slow
   681 | D:1      | Reached XP level 3. HP: 18/19 MP: 1/12
   948 | D:2      | Noticed Natasha
   955 | D:1      | Learned a level 3 spell: Mephitic Cloud
   959 | D:1      | Learned a level 3 spell: Conjure Flame
   962 | D:1      | Learned a level 2 spell: Blink
   969 | D:2      | Killed Natasha
   969 | D:2      | Reached skill level 6 in Spellcasting
  1407 | D:2      | Reached XP level 4. HP: 24/24 MP: 10/14
  1468 | D:2      | Noticed Natasha
  1474 | D:2      | Killed Natasha
  2202 | D:2      | Reached XP level 5. HP: 28/28 MP: 6/16
  2310 | D:2      | Found a white marble altar of Elyvilon.
  2319 | D:2      | Reached skill level 7 in Spellcasting
  2490 | D:2      | Noticed Natasha
  2540 | D:2      | Killed Natasha
  2824 | D:3      | Found a shattered altar of Ashenzari.
  3290 | D:3      | Noticed an ogre
  3429 | D:3      | Found a blossoming altar of Fedhas.
  3444 | D:3      | Killed an ogre
  3444 | D:3      | Reached skill level 8 in Spellcasting
  3444 | D:3      | Reached XP level 6. HP: 32/32 MP: 10/19
  3915 | D:3      | Found a glowing silver altar of Zin.
  3915 | D:3      | Noticed an angel
  3952 | D:3      | Noticed Descartes's ghost (amateur FeEn)
  3953 | D:3      | Found a runed translucent door.
  4000 | D:3      | Found a stormy altar of Qazlal.
  4392 | D:3      | Slain by Descartes's ghost

Illustrated notes

Levels and vault maps discovered:
D:1:      lemuel_arrival_rhombus, layout_rooms
D:2:      layout_loops_ring, elyvilon_altar_5, first_ration, grunt_ministairs_2,
          uniq_natasha
D:3:      layout_loops_cross, lemuel_round_altar, nicolae_ashenzari_panopticon,
          fedhas_altar_3, zin_angel, hellmonk_ghost_happy_afterlife

Skill      XL: |  1  2  3  4  5  6 |
---------------+-------------------+-----
Spellcasting   | 5 6 8 |  8.4
Conjurations   | 2 3 4 |  4.0
Dodging        | |  2.5
Stealth        | |  2.4
Summonings     | |  1.1
Translocations | |  1.1

Action                   |  1- 3 |  4- 6 || total
-------------------------+-------+-------++-------
Melee: Spear             |       |    21 ||    21
 Cast: Magic Dart        |    76 |   167 ||   243
       Mephitic Cloud    |     1 |     6 ||     7
       Conjure Flame     |       |     1 ||     1
  Use: Scroll            |     2 |     1 ||     3
  Eat: Ration            |     1 |       ||     1
       Chunk             |       |     7 ||     7
Armor: Robe              |     4 |     1 ||     5
Dodge: Dodged            |    11 |    21 ||    32
Block: Other             |     4 |     9 ||    13
